AAA WEST
OKLAHOMA CITY DODGERS @ TACOMA RAINIERS
05/09/2042
 
TOP OF THE 1ST
Oklahoma City Dodgers batting - Pitching for Tacoma Rainiers : RHP Cristián Rodríguez
Pitching: RHP Cristián Rodríguez
Batting: LHB Bob Hamilton 0-0: Called Strike
0-1: Foul Ball, location: 2F
0-2: Ball
1-2: Ball
2-2: Ball
3-2: Foul Ball, location: 9LMF
3-2: Strikes out swinging
Batting: RHB Geoff French 0-0: Called Strike
0-1: Ball
1-1: Ground out 5-3 (Groundball, 56, EV 81.3 MPH)
Batting: RHB Ron Richardson 0-0: Foul Ball, location: 2F
0-1: Foul Ball, location: 7LMF
0-2: Foul Ball, location: 2F
0-2: Ball
1-2: Foul Ball, location: 5F
1-2: Ball
2-2: Ball
3-2: Fly out, F7 (Flyball, 78M, EV 80.6 MPH)
Top of the 1st over - 0 runs, 0 hits, 0 errors, 0 left on base; Oklahoma City 0 - Tacoma 0
BOTTOM OF THE 1ST
Tacoma Rainiers batting - Pitching for Oklahoma City Dodgers : RHP Bob Good
Pitching: RHP Bob Good
Batting: LHB Joe Myers 0-0: Ball
1-0: Ball
2-0: Ball
3-0: Base on Balls
Batting: RHB Enrico Mendoza 0-0: Ball
1-0: Ball
2-0: SINGLE (Groundball, 56D, EV 110.6 MPH)
Joe Myers to second
Batting: LHB José Ortíz 0-0: Ball
1-0: Ball
2-0: Called Strike
2-1: Fly out, F9 (Line Drive, 89M, EV 92.5 MPH)
Batting: RHB Dan Sibbald 0-0: Ball
1-0: SINGLE (Line Drive, 8RS, EV 106.3 MPH)
Joe Myers to third
Enrico Mendoza to second
Batting: RHB Ernesto Díaz 0-0: Ball
1-0: Ball
2-0: DOUBLE (Line Drive, 7LM, EV 108.8 MPH)
Joe Myers scores
Enrico Mendoza scores
Dan Sibbald to third
Runner from 3rd tries for Home, SAFE, no throw by LF
Batting: RHB Doug Hawk 0-0: Fly out, F7 (Line Drive, 7S, EV 91.9 MPH)
Batting: RHB Ric Dennis 0-0: Ball
1-0: Ball
2-0: Ball
3-0: Called Strike
3-1: Called Strike
3-2: Foul Ball, location: 5F
3-2: Foul Ball, location: 5DF
3-2: Base on Balls
Batting: RHB Greg Martin 0-0: Ball
1-0: Swinging Strike
1-1: Foul Ball, location: 2F
1-2: Ball
2-2: Ball
3-2: Foul Ball, location: 9LDF
3-2: Strikes out swinging
Bottom of the 1st over - 3 runs, 3 hits, 0 errors, 2 left on base; Oklahoma City 0 - Tacoma 3
TOP OF THE 2ND
Oklahoma City Dodgers batting - Pitching for Tacoma Rainiers : RHP Cristián Rodríguez
Batting: SHB Scotty McCauley 0-0: Ball
1-0: Fly out, F8 (Flyball, 78M, EV 95.0 MPH)
Batting: RHB Chad Snow 0-0: Ball
1-0: Ball
2-0: Ground out 6-3 (Groundball, 6, EV 88.1 MPH)
Batting: RHB Guaspar Joo 0-0: Ball
1-0: Foul Ball, location: 3F
1-1: Called Strike
1-2: Ball
2-2: Ball
3-2: Base on Balls
Batting: RHB Chet Fields 0-0: Ball
1-0: Ball
2-0: Ball
3-0: Base on Balls
Guaspar Joo to second
Batting: RHB Qabil Makaev 0-0: Called Strike
0-1: Ground out U3 (Groundball, 34, EV 90.0 MPH)
Top of the 2nd over - 0 runs, 0 hits, 0 errors, 2 left on base; Oklahoma City 0 - Tacoma 3
BOTTOM OF THE 2ND
Tacoma Rainiers batting - Pitching for Oklahoma City Dodgers : RHP Bob Good
Batting: RHB Josh Hannemann 0-0: Ball
1-0: Ball
2-0: Reached on error, E6 (Groundball, 6, EV 100.6 MPH)
Batting: LHB Joe Myers 0-0: Called Strike
0-1: Ball
1-1: Fielders Choice at 2nd, 4-6 (Groundball, 4, EV 85.6 MPH)
Batting: RHB Enrico Mendoza 0-0: Foul Ball, location: 5F
0-1: Ball
1-1: Called Strike
1-2: Ball
2-2: Ball
3-2: Grounds into double play, 6-4-3 (Groundball, 6S, EV 83.8 MPH)
Bottom of the 2nd over - 0 runs, 0 hits, 1 error, 0 left on base; Oklahoma City 0 - Tacoma 3
TOP OF THE 3RD
Oklahoma City Dodgers batting - Pitching for Tacoma Rainiers : RHP Cristián Rodríguez
Batting: LHB Wilbert McDermid 0-0: Called Strike
0-1: Foul Ball, location: 2F
0-2: Strikes out swinging
Batting: LHB Bob Hamilton 0-0: Ground out 4-3 (Groundball, 4, EV 100.0 MPH)
Batting: RHB Geoff French 0-0: Called Strike
0-1: Ball
1-1: Ball
2-1: Fly out, F2 (Popup, 25F, EV 91.9 MPH)
Top of the 3rd over - 0 runs, 0 hits, 0 errors, 0 left on base; Oklahoma City 0 - Tacoma 3
BOTTOM OF THE 3RD
Tacoma Rainiers batting - Pitching for Oklahoma City Dodgers : RHP Bob Good
Batting: LHB José Ortíz 0-0: Ball
1-0: Foul Ball, location: 7LSF
1-1: Foul Ball, location: 2F
1-2: Ball
2-2: DOUBLE (Line Drive, 89XD, EV 108.1 MPH)
Batting: RHB Dan Sibbald 0-0: Foul Ball, location: 2F
0-1: Ground out 6-3 (Groundball, 6, EV 103.8 MPH)
Batting: RHB Ernesto Díaz 0-0: Ground out 1-3 (Groundball, 34S, EV 68.1 MPH)
Batting: RHB Doug Hawk 0-0: SINGLE (Groundball, 4, EV 97.5 MPH) (infield hit)
José Ortíz to third
Batting: RHB Ric Dennis 0-0: Fielders Choice at 2nd, 6-4 (Groundball, 6, EV 80.0 MPH)
Bottom of the 3rd over - 0 runs, 2 hits, 0 errors, 2 left on base; Oklahoma City 0 - Tacoma 3
TOP OF THE 4TH
Oklahoma City Dodgers batting - Pitching for Tacoma Rainiers : RHP Cristián Rodríguez
Batting: RHB Ron Richardson 0-0: Ball
1-0: Called Strike
1-1: Foul Ball, location: 2F
1-2: Fly out, F7 (Flyball, 7D, EV 76.3 MPH)
Batting: SHB Scotty McCauley 0-0: Called Strike
0-1: Ball
1-1: Called Strike
1-2: Foul Ball, location: 5F
1-2: Ball
2-2: Fly out, F7 (Flyball, 78M, EV 90.6 MPH)
Batting: RHB Chad Snow 0-0: Called Strike
0-1: Called Strike
0-2: Ball
1-2: Foul Ball, location: 2F
1-2: Ball
2-2: Ball
3-2: Base on Balls
Batting: RHB Guaspar Joo 0-0: Called Strike
0-1: Ball
1-1: Called Strike
1-2: Ball
2-2: Foul Ball, location: 2F
2-2: Strikes out looking
Top of the 4th over - 0 runs, 0 hits, 0 errors, 1 left on base; Oklahoma City 0 - Tacoma 3
BOTTOM OF THE 4TH
Tacoma Rainiers batting - Pitching for Oklahoma City Dodgers : RHP Bob Good
Batting: RHB Greg Martin 0-0: Ground out 6-3 (Groundball, 56, EV 100.6 MPH)
Batting: RHB Josh Hannemann 0-0: Swinging Strike
0-1: Ball
1-1: SOLO HOME RUN (Flyball, 78XD, EV 106.9 MPH), Distance : 416 ft
Batting: LHB Joe Myers 0-0: Called Strike
0-1: Ball
1-1: SOLO HOME RUN (Flyball, 89XD, EV 111.3 MPH), Distance : 417 ft
Pitching: LHP Mauro Díaz
Batting: RHB Enrico Mendoza 0-0: Foul Ball, location: 9LDF
0-1: SINGLE (Line Drive, 4M, EV 105.0 MPH)
Batting: LHB José Ortíz 0-0: Ball
1-0: Swinging Strike
1-1: Swinging Strike
1-2: Strikes out swinging
Batting: RHB Dan Sibbald 0-0: Called Strike
0-1: Swinging Strike
0-2: Fly out, F7 (Flyball, 7LM, EV 105.0 MPH)
Bottom of the 4th over - 2 runs, 3 hits, 0 errors, 1 left on base; Oklahoma City 0 - Tacoma 5
TOP OF THE 5TH
Oklahoma City Dodgers batting - Pitching for Tacoma Rainiers : RHP Cristián Rodríguez
Batting: RHB Chet Fields 0-0: Called Strike
0-1: Ball
1-1: Ball
2-1: Ball
3-1: Base on Balls
Batting: RHB Qabil Makaev 0-0: Called Strike
0-1: SINGLE (Line Drive, 9S, EV 110.0 MPH)
Chet Fields to second
Batting: LHB Wilbert McDermid 0-0: Ball
1-0: Foul Ball, location: 7LDF
1-1: Ball
2-1: Ball
3-1: Base on Balls
Chet Fields to third
Qabil Makaev to second
Batting: LHB Bob Hamilton 0-0: Called Strike
0-1: Grounds into fielders choice 6-2 (Groundball, 6M, EV 98.1 MPH)
Qabil Makaev to third
Wilbert McDermid to second
Batting: RHB Geoff French 0-0: Called Strike
0-1: Ball
1-1: Swinging Strike
1-2: Strikes out swinging
Batting: RHB Ron Richardson 0-0: Ball
1-0: Called Strike
1-1: Ball
2-1: Ball
3-1: Base on Balls
Qabil Makaev scores
Wilbert McDermid to third
Bob Hamilton to second
Batting: SHB Scotty McCauley 0-0: Ball
1-0: Called Strike
1-1: Swinging Strike
1-2: Ball
2-2: Strikes out looking
Top of the 5th over - 1 run, 1 hit, 0 errors, 3 left on base; Oklahoma City 1 - Tacoma 5
BOTTOM OF THE 5TH
Tacoma Rainiers batting - Pitching for Oklahoma City Dodgers : LHP Mauro Díaz
Batting: RHB Ernesto Díaz 0-0: Ball
1-0: DOUBLE (Line Drive, 9LS, EV 110.0 MPH)
Batting: RHB Doug Hawk 0-0: Ball
1-0: Called Strike
1-1: Swinging Strike
1-2: Foul Ball, location: 3SF
1-2: Foul Ball, location: 2F
1-2: Foul Ball, location: 9LSF
1-2: Ball
2-2: SINGLE (Groundball, 34D, EV 96.9 MPH)
Ernesto Díaz to third
Batting: RHB Ric Dennis 0-0: Foul Ball, location: 2F
0-1: Foul Ball, location: 2F
0-2: Hit by Pitch
Doug Hawk to second
Batting: RHB Greg Martin 0-0: Called Strike
0-1: Called Strike
0-2: Foul Ball, location: 5FF
0-2: SINGLE (Groundball, 4D, EV 105.6 MPH)
Ernesto Díaz scores
Doug Hawk to third
Ric Dennis to second
Batting: RHB Josh Hannemann 0-0: Ball
1-0: Reached on error, E6 (Groundball, 56, EV 100.6 MPH)
Doug Hawk scores
Ric Dennis to third
Greg Martin to second
Batting: LHB Joe Myers 0-0: Ball
1-0: Grounds into fielders choice 4-2 (Groundball, 4, EV 96.9 MPH)
Greg Martin to third
Josh Hannemann to second
Batting: RHB Enrico Mendoza 0-0: Ball
1-0: Foul Ball, location: 5F
1-1: Ball
2-1: DOUBLE (Flyball, 8RXD, EV 103.8 MPH)
Greg Martin scores
Josh Hannemann scores
Joe Myers to third
Batting: LHB José Ortíz 0-0: Swinging Strike
0-1: Ball
1-1: Fly out, F8 (Flyball, 89M, EV 91.9 MPH)
Batting: RHB Dan Sibbald 0-0: Fly out, F7 (Flyball, 78M, EV 89.4 MPH)
Bottom of the 5th over - 4 runs, 4 hits, 1 error, 2 left on base; Oklahoma City 1 - Tacoma 9
TOP OF THE 6TH
Oklahoma City Dodgers batting - Pitching for Tacoma Rainiers : RHP Cristián Rodríguez
Batting: RHB Chad Snow 0-0: Ball
1-0: Ball
2-0: Ground out 4-3 (Groundball, 4, EV 86.9 MPH)
Batting: RHB Guaspar Joo 0-0: Ground out 3-1 (Groundball, 34, EV 103.1 MPH)
Batting: RHB Chet Fields 0-0: Swinging Strike
0-1: Fly out, F9 (Flyball, 9S, EV 84.4 MPH)
Top of the 6th over - 0 runs, 0 hits, 0 errors, 0 left on base; Oklahoma City 1 - Tacoma 9
BOTTOM OF THE 6TH
Tacoma Rainiers batting - Pitching for Oklahoma City Dodgers : LHP Mauro Díaz
Batting: RHB Ernesto Díaz 0-0: Called Strike
0-1: Ball
1-1: Foul Ball, location: 2F
1-2: Foul Ball, location: 2F
1-2: Ground out U3 (Groundball, 3S, EV 90.0 MPH)
Batting: RHB Doug Hawk 0-0: Ball
1-0: Foul Ball, location: 23F
1-1: Ground out 6-3 (Groundball, 6, EV 86.3 MPH)
Batting: RHB Ric Dennis 0-0: Called Strike
0-1: Ball
1-1: Fly out, F8 (Flyball, 8RS, EV 86.3 MPH)
Bottom of the 6th over - 0 runs, 0 hits, 0 errors, 0 left on base; Oklahoma City 1 - Tacoma 9
TOP OF THE 7TH
Oklahoma City Dodgers batting - Pitching for Tacoma Rainiers : RHP Cristián Rodríguez
Pitching: RHP Jeff Jackson
Batting: RHB Qabil Makaev 0-0: Ball
1-0: Ball
2-0: Ball
3-0: Called Strike
3-1: Called Strike
3-2: Ground out 5-3 (Groundball, 15, EV 86.9 MPH)
Batting: LHB Wilbert McDermid 0-0: Fly out, F7 (Flyball, 7S, EV 96.3 MPH)
Batting: LHB Bob Hamilton 0-0: Fly out, F6 (Popup, 6MS, EV 80.6 MPH)
Top of the 7th over - 0 runs, 0 hits, 0 errors, 0 left on base; Oklahoma City 1 - Tacoma 9
BOTTOM OF THE 7TH
Tacoma Rainiers batting - Pitching for Oklahoma City Dodgers : LHP Mauro Díaz
Batting: RHB Greg Martin 0-0: Called Strike
0-1: Swinging Strike
0-2: Strikes out swinging
Batting: RHB Josh Hannemann 0-0: Ball
1-0: Called Strike
1-1: Ball
2-1: Ground out 6-3 (Groundball, 6, EV 103.1 MPH)
Batting: LHB Joe Myers 0-0: Ball
1-0: Called Strike
1-1: Ball
2-1: Ball
3-1: Swinging Strike
3-2: SINGLE (Groundball, 34, EV 79.4 MPH) (infield hit)
Batting: RHB Enrico Mendoza 0-0: Swinging Strike
0-1: Foul Ball, location: 2F
0-2: Single, Error in OF, E7, batter to second base (Line Drive, 56D, EV 96.3 MPH)
Joe Myers to third
Batting: LHB José Ortíz 0-0: Called Strike
0-1: Ball
1-1: Foul Ball, location: 2F
1-2: Ball
2-2: Strikes out swinging
Bottom of the 7th over - 0 runs, 2 hits, 1 error, 2 left on base; Oklahoma City 1 - Tacoma 9
TOP OF THE 8TH
Oklahoma City Dodgers batting - Pitching for Tacoma Rainiers : RHP Jeff Jackson
Batting: RHB Geoff French 0-0: SINGLE (Groundball, 56D, EV 94.4 MPH)
Batting: RHB Ron Richardson 0-0: Ball
1-0: Ball
2-0: Ball
3-0: Called Strike
3-1: Foul Ball, location: 25F
3-2: Foul Ball, location: 2F
3-2: Fly out, F8 (Flyball, 8LD, EV 83.8 MPH)
Batting: SHB Scotty McCauley 0-0: Ball
1-0: Ball
2-0: Ball
3-0: Called Strike
3-1: Base on Balls
Geoff French to second
Batting: RHB Chad Snow 0-0: Called Strike
0-1: Foul Ball, location: 25F
0-2: Ball
1-2: Ball
2-2: Ball
3-2: Base on Balls
Geoff French to third
Scotty McCauley to second
Pinch Hitting: LHB Jimmy Jayne 0-0: GRAND SLAM HOME RUN (Flyball, 78XD, EV 98.8 MPH), Distance : 411 ft
Batting: RHB Chet Fields 0-0: Called Strike
0-1: Called Strike
0-2: Ball
1-2: Foul Ball, location: 2F
1-2: Ball
2-2: Ball
3-2: Base on Balls
Batting: RHB Qabil Makaev 0-0: Ball
1-0: Foul Ball, location: 2F
1-1: Fly out, F8 (Flyball, 8LM, EV 96.3 MPH)
Batting: LHB Wilbert McDermid 0-0: Ball
1-0: Called Strike
1-1: Foul Ball, location: 3F
1-2: Ball
2-2: Ball
3-2: Foul Ball, location: 2F
3-2: Base on Balls
Chet Fields to second
Pitching: LHP Jim Unknown
Batting: RHB Po-sin Song 0-0: Ball
1-0: Ball
2-0: Fielders Choice at 2nd, U6 (Groundball, 6M, EV 96.9 MPH)
Top of the 8th over - 4 runs, 2 hits, 0 errors, 2 left on base; Oklahoma City 5 - Tacoma 9
BOTTOM OF THE 8TH
Tacoma Rainiers batting - Pitching for Oklahoma City Dodgers : LHP Mauro Díaz
Pitching: LHP José Castro
Now at 2B: Jim Coleman
Now at SS: Qabil Makaev
Batting: RHB Dan Sibbald 0-0: Foul Ball, location: 2F
0-1: Ball
1-1: DOUBLE (Line Drive, 3D, EV 95.0 MPH)
Batting: RHB Ernesto Díaz 0-0: Fly out, F9 (Line Drive, 9, EV 89.4 MPH)
Batting: RHB Doug Hawk 0-0: Fly out, F8 (Line Drive, 78M, EV 92.5 MPH)
Batting: RHB Ric Dennis 0-0: Ball
1-0: Foul Ball, location: 2F
1-1: Called Strike
1-2: Foul Ball, location: 25F
1-2: Foul Ball, location: 2F
1-2: Foul Ball, location: 2F
1-2: Ball
2-2: Ground out 6-3 (Groundball, 56, EV 90.6 MPH)
Bottom of the 8th over - 0 runs, 1 hit, 0 errors, 1 left on base; Oklahoma City 5 - Tacoma 9
TOP OF THE 9TH
Oklahoma City Dodgers batting - Pitching for Tacoma Rainiers : LHP Jim Unknown
Batting: RHB Geoff French 0-0: Ball
1-0: Hit by Pitch
Batting: RHB Ron Richardson 0-0: Called Strike
0-1: Ball
1-1: Ball
2-1: Ball
3-1: Base on Balls
Geoff French to second
Batting: SHB Scotty McCauley 0-0: Ball
1-0: Ball
2-0: Ball
3-0: Base on Balls
Geoff French to third
Ron Richardson to second
Batting: RHB Chad Snow 0-0: Called Strike
0-1: Ball
1-1: Ball
2-1: Fly out, F9 (Flyball, 9LS, EV 76.3 MPH)
Batting: RHB Jim Coleman 0-0: Ball
1-0: Grounds into fielders choice 5-2 (Groundball, 56, EV 86.9 MPH)
Ron Richardson to third
Scotty McCauley to second
Batting: RHB Chet Fields 0-0: Called Strike
0-1: Ball
1-1: GRAND SLAM HOME RUN (Line Drive, 89XD, EV 110.6 MPH), Distance : 410 ft
Batting: RHB Qabil Makaev 0-0: Ball
1-0: Ball
2-0: Called Strike
2-1: Ball
3-1: Called Strike
3-2: Strikes out swinging
Top of the 9th over - 4 runs, 1 hit, 0 errors, 0 left on base; Oklahoma City 9 - Tacoma 9
BOTTOM OF THE 9TH
Tacoma Rainiers batting - Pitching for Oklahoma City Dodgers : LHP José Castro
Batting: RHB Greg Martin 0-0: Foul Ball, location: 2F
0-1: Foul Ball, location: 2F
0-2: Ball
1-2: Foul Ball, location: 9LMF
1-2: Foul Ball, location: 2F
1-2: Ball
2-2: Foul Ball, location: 3SF
2-2: Ball
3-2: Base on Balls
Batting: RHB Josh Hannemann 0-0: Sac Bunt to 13S - play at first, batter OUT! 1-4
Greg Martin to second
Pinch Hitting: RHB Chuck Barnes 0-0: Called Strike
0-1: Foul Ball, location: 23FF
0-2: Strikes out looking
Batting: RHB Enrico Mendoza 0-0: Intentional Walk
Batting: LHB José Ortíz 0-0: Ball
1-0: Swinging Strike
1-1: Ball
2-1: Fly out, F9 (Flyball, 9S, EV 91.3 MPH)
Bottom of the 9th over - 0 runs, 0 hits, 0 errors, 2 left on base; Oklahoma City 9 - Tacoma 9
TOP OF THE 10TH
Oklahoma City Dodgers batting - Pitching for Tacoma Rainiers : LHP Jim Unknown
Now at 1B: Chuck Barnes
Pinch Hitting: RHB Bob Ellison 0-0: Called Strike
0-1: Called Strike
0-2: Foul Ball, location: 9LMF
0-2: Ball
1-2: Ground out 5-3 (Groundball, 5, EV 91.3 MPH)
Batting: RHB Po-sin Song 0-0: Ball
1-0: Ball
2-0: Ball
3-0: Called Strike
3-1: Foul Ball, location: 2F
3-2: Base on Balls
Batting: RHB Geoff French 0-0: Ball
1-0: Grounds into double play, 6-4-3 (Groundball, 6, EV 90.6 MPH)
Top of the 10th over - 0 runs, 0 hits, 0 errors, 0 left on base; Oklahoma City 9 - Tacoma 9
BOTTOM OF THE 10TH
Tacoma Rainiers batting - Pitching for Oklahoma City Dodgers : LHP José Castro
Pitching: RHP Arturo Canó
Now at C: Tadanobu Ichihara
Batting: RHB Dan Sibbald 0-0: Ball
1-0: Fly out, F8 (Flyball, 78S, EV 98.1 MPH)
Batting: RHB Ernesto Díaz 0-0: Called Strike
0-1: Ball
1-1: Called Strike
1-2: Ball
2-2: Ground out 5-3 (Groundball, 56, EV 106.9 MPH)
Batting: RHB Doug Hawk 0-0: Ball
1-0: Foul Ball, location: 3FF
1-1: Ball
2-1: Swinging Strike
2-2: Foul Ball, location: 9LDF
2-2: Strikes out swinging
Bottom of the 10th over - 0 runs, 0 hits, 0 errors, 0 left on base; Oklahoma City 9 - Tacoma 9
TOP OF THE 11TH
Oklahoma City Dodgers batting - Pitching for Tacoma Rainiers : LHP Jim Unknown
Batting: RHB Ron Richardson 0-0: Foul Ball, location: 9LMF
0-1: Ball
1-1: Foul Ball, location: 5F
1-2: Foul Ball, location: 7LMFF
1-2: Ball
2-2: SOLO HOME RUN (Flyball, 7LD, EV 91.9 MPH), Distance : 336 ft
Batting: SHB Scotty McCauley 0-0: Foul Ball, location: 9LSF
0-1: Ball
1-1: Swinging Strike
1-2: Foul Ball, location: 2F
1-2: Ball
2-2: Ball
3-2: TRIPLE (Line Drive, 78XD, EV 104.4 MPH)
Pitching: LHP Jim Unknown
Batting: RHB Chad Snow 0-0: Called Strike
0-1: Ball
1-1: Ball
2-1: Ball
3-1: Called Strike
3-2: SINGLE (Line Drive, 34, EV 95.0 MPH)
Scotty McCauley scores
Batting: RHB Jim Coleman 0-0: Ball
1-0: DOUBLE (Flyball, 89XD, EV 111.3 MPH)
Chad Snow to third
Batting: RHB Chet Fields 0-0: Called Strike
0-1: Ball
1-1: Ball
2-1: Foul Ball, location: 2F
2-2: Ball
3-2: Foul Ball, location: 5FF
3-2: Base on Balls
Batting: RHB Qabil Makaev 0-0: Ball
1-0: Called Strike
1-1: Ball
2-1: Foul Ball, location: 3F
2-2: Foul Ball, location: 7LDF
2-2: GRAND SLAM HOME RUN (Flyball, 7D, EV 100.0 MPH), Distance : 364 ft
Batting: RHB Tadanobu Ichihara 0-0: Swinging Strike
0-1: SINGLE (Popup, 4D, EV 55.0 MPH)
Batting: RHB Po-sin Song 0-0: 2-RUN HOME RUN (Flyball, 9D, EV 98.1 MPH), Distance : 358 ft
Batting: RHB Geoff French 0-0: Fly out, F8 (Line Drive, 89M, EV 89.4 MPH)
Batting: RHB Ron Richardson 0-0: Ball
1-0: Ball
2-0: SINGLE (Groundball, 6D, EV 105.6 MPH)
Batting: SHB Scotty McCauley 0-0: Called Strike
0-1: Ball
1-1: Swinging Strike
1-2: Strikes out looking
Batting: RHB Chad Snow 0-0: Called Strike
0-1: Ball
1-1: Foul Ball, location: 2RF
1-2: DOUBLE (Line Drive, 7LD, EV 105.6 MPH)
Ron Richardson to third
Runner from 3rd tries for Home, throw by LF and OUT! 7-6-2
Top of the 11th over - 8 runs, 9 hits, 0 errors, 1 left on base; Oklahoma City 17 - Tacoma 9
BOTTOM OF THE 11TH
Tacoma Rainiers batting - Pitching for Oklahoma City Dodgers : RHP Arturo Canó
Batting: RHB Ric Dennis 0-0: Called Strike
0-1: Fly out, F2 (Popup, 23F, EV 75.0 MPH)
Batting: RHB Greg Martin 0-0: Called Strike
0-1: Foul Ball, location: 9LSF
0-2: Ground out 4-3 (Groundball, 4, EV 85.6 MPH)
Batting: RHB Josh Hannemann 0-0: Ball
1-0: Ball
2-0: Foul Ball, location: 9LDF
2-1: DOUBLE (Line Drive, 78D, EV 108.8 MPH)
Batting: RHB Chuck Barnes 0-0: Ball
1-0: Foul Ball, location: 9LMF
1-1: Ball
2-1: Foul Ball, location: 9LSF
2-2: Strikes out swinging
Bottom of the 11th over - 0 runs, 1 hit, 0 errors, 1 left on base; Oklahoma City 17 - Tacoma 9
Friday, May 3rd , 2024 - OOTP Baseball 24.10 Build 82